 Dungeon Crawl Stone Soup version 0.30-a0-723-gc1506a1cf0 (webtiles) character file.

Game seed: 6240871447050279297

42 jimonade the Twirler (level 3, -3/20 HPs)
             Began as a Deep Elf Gladiator on Jan 28, 2023.
             Slain by a gnoll
             ... wielding a +0 spear
              (4 damage)
             ... on level 2 of the Dungeon.
             The game lasted 00:02:39 (1887 turns).

jimonade the Twirler (Deep Elf Gladiator)           Turns: 1887, Time: 00:02:39

Health: -3/20      AC:  6    Str: 13    XL:     3   Next: 33%
Magic:  5/5        EV: 13    Int: 12    God:
Gold:   76         SH:  0    Dex: 16    Spells: 2/2 levels left

rFire   . . .      SeeInvis .    a - +0 quarterstaff
rCold   . . .      Faith    .    (shield currently unavailable)
rNeg    . . .      Spirit   .    b - +0 leather armour
rPois   .          Reflect  .    o - +2 helmet
rElec   .          Harm     .    (no cloak)
rCorr   .          Rampage  .    (no gloves)
Will    .....                    (no boots)
Stlth   +                        j - amulet of the acrobat
HPRegen 0.23/turn                (no ring)
MPRegen 0.09/turn                (no ring)

@: no status effects
A: no striking features
a: no special abilities


You were on level 2 of the Dungeon.
You visited 1 branch of the dungeon, and saw 2 of its levels.

You collected 76 gold pieces.

Inventory:

Hand Weapons
 a - a +0 quarterstaff (weapon)
Missiles
 d - 3 throwing nets (quivered)
 e - a javelin
Armour
 b - a +0 leather armour (worn)
 c - a +0 helmet
 n - a +0 buckler
 o - a +2 helmet (worn)
Jewellery
 j - an amulet of the acrobat (around neck)
Scrolls
 g - a scroll of magic mapping {unknown}
 i - a scroll of vulnerability {unknown}
 k - 2 scrolls of teleportation {unknown}
 l - a scroll of blinking {unknown}
 m - a scroll of torment {unknown}
Potions
 f - a potion of brilliance {unknown}
 h - 2 potions of attraction {unknown}


   Skills:
 - Level 1.5 Fighting
 + Level 4.4 Staves
 - Level 2.0 Throwing
 - Level 3.6 Dodging


You had 2 spell levels left.
You didn't know any spells.
Your spell library contained the following spells:

 Spells                   Type           Power      Damage    Failure   Level
 Kiss of Death            Conj/Necr      0%         2d5       38%         1
 Confusing Touch          Hex            0%         N/A       77%         3
 Portal Projectile        Hex/Tloc       0%         N/A       77%         3
 Tukima's Dance           Hex            0%         N/A       77%         3
 Dispel Undead            Necr           0%         3d6       99%         4
 Blade Hands              Tmut           0%         N/A       100%        5


Dungeon Overview and Level Annotations

Branches:
Dungeon (2/15)

Altars:

Shops:
D:1 ?


Message History

There is a large open door here.
You see here a bat corpse.
You hit the gnoll but do no damage. The gnoll hits you but does no damage.
You barely miss the gnoll. The gnoll hits you but does no damage.
You barely miss the gnoll. The gnoll hits you with a +0 club.
The gnoll shouts!
You hit the gnoll.
The gnoll is lightly wounded.
The gnoll hits you but does no damage.
You barely miss the gnoll.
The gnoll is lightly wounded.
The gnoll hits you with a +0 club. The gnoll attacks as you move away!
The gnoll barely misses you.
There is a large open door here.
You completely miss the gnoll.
The gnoll is lightly wounded.
The gnoll barely misses you.
The gnoll shouts!
You hit the gnoll but do no damage.
The gnoll is lightly wounded.
The gnoll hits you with a +0 club.
The gnoll shouts!
You hit the gnoll.
The gnoll is heavily wounded.
The gnoll misses you.
You thump the gnoll!
You kill the gnoll!
You hit the gnoll.
The gnoll is moderately wounded.
The gnoll hits you but does no damage. The gnoll hits you with a +0 club.
* * * LOW HITPOINT WARNING * * *
You hit the gnoll but do no damage.
The gnoll is moderately wounded.
The gnoll hits you from afar with a +0 spear.
* * * LOW HITPOINT WARNING * * *
The gnoll closely misses you.
You closely miss the gnoll.
The gnoll is moderately wounded.
The gnoll hits you from afar with a +0 spear.
You die...

. ........#### #..#
#. ##......# #..#
#'##......# #..#
..'......### #..#
.#........# #..#
#........## #..#
#.gg.....##.##..####
###g##...##........(
#@##...##.##..####
#...######.##..#
#...## #.##..#
#....### #.##..#
#.......##.##..#
#....#.....#...#
####.###.#....##
#........>...#
#...###.######


You could see 3 gnolls.

Vanquished Creatures
  A gnoll (D:2)
  A dart slug (D:2)
  6 ball pythons
  2 endoplasms
  A giant cockroach (D:1)
  3 goblins
  2 hobgoblins (D:2)
  3 jackals
  3 bats
  2 frilled lizards
  2 kobolds (D:2)
  2 rats (D:1)
28 creatures vanquished.

Notes
Turn   | Place    | Note
-------+----------+-------------------------------------------
     0 | D:1      | jimonade the Deep Elf Gladiator began the quest for the
                  | Orb.
     0 | D:1      | Reached XP level 1. HP: 12/12 MP: 3/3
   793 | D:1      | Found a faded altar of an unknown god.
   824 | D:1      | Found Ohuenaphoi's Magic Scroll Emporium.
   882 | D:1      | Reached XP level 2. HP: 16/16 MP: 4/4
  1642 | D:2      | Reached skill level 4 in Staves
  1840 | D:2      | Reached XP level 3. HP: 20/20 MP: 5/5
  1886 | D:2      | HP: 1/20 [gnoll/+0 spear (5)]
  1887 | D:2      | Slain by a gnoll

Illustrated notes

Levels and vault maps discovered:
D:1:      minmay_arrival_nine_rooms, layout_basic,
          dreamdust_ecumenical_altar_hidden_monk_grotto, serial_shops,
          nicolae_shop_stone
D:2:      layout_basic, kennysheep_generic_room_12

Skill      XL: |  1  2 |
---------------+-------+-----
Staves         | 4 |  4.4
Fighting       | |  1.5
Throwing       | |  2.0
Dodging        | |  3.6

Action                     || total
---------------------------++-------
  Melee: Quarterstaff      ||    96
   Stab: Sleeping          ||     2
 Armour: Leather armour    ||    37
  Dodge: Dodged            ||    59

Table legend: (Time is in decaauts)
 A = Elapsed time spent in this place.
 B = Non-inter-level travel time spent in this place.
 C = Inter-level travel time spent in this place.
 D = Time resting spent in this place.
 E = Time spent auto-exploring this place.
 F = Levels seen in this place.
 G = Mean time per level.
                   A        B        C        D        E       F      G
               +--------+--------+--------+--------+--------+-----+--------+
         Total |   1898 |   1826 |     72 |    247 |   1291 |   2 |  949.0 |
       Dungeon |   1898 |   1826 |     72 |    247 |   1291 |   2 |  949.0 |
               +--------+--------+--------+--------+--------+-----+--------+

Top non-repeatable levels by time:
     D:1: 1638 daAuts
     D:2: 259 daAuts
